 Dungeon Crawl Stone Soup version 0.22.0-75-g3901e7991e (webtiles) character file.

292 JedernureinKreuz the Conjurer (level 6, -3/44 HPs)
             Began as a Gnoll Conjurer on Sept 12, 2018.
             Slain by a gnoll shaman
             ... wielding a +0 whip
              (9 damage)
             ... on level 4 of the Dungeon.
             The game lasted 00:12:00 (2967 turns).

JedernureinKreuz the Conjurer (Gnoll Conjurer)      Turns: 2967, Time: 00:12:01

Health: -3/44      AC:  3    Str: 10    XL:     6   Next: 33%
Magic:  0/14       EV: 14    Int: 20    God:
Gold:   197        SH:  0    Dex: 15    Spells: 7/15 levels left

rFire    . . .     SeeInvis .   f - +0 short sword (protect)
rCold    . . .     Gourm    .   (no shield)
rNeg     + . .     Faith    .   o - +0 leather armour
rPois    .         Spirit   .   (no helmet)
rElec    .         Reflect  .   (no cloak)
rCorr    .         Harm     .   (no gloves)
MR       .....                  (no boots)
Stlth    +.........             (no amulet)
HPRegen  0.14/turn              (no ring)
MPRegen  0.14/turn              q - ring of positive energy

@: glowing
A: distributed training, fangs 1, strong nose
a: no special abilities


You were on level 4 of the Dungeon.
You were not hungry.

You visited 1 branch of the dungeon, and saw 4 of its levels.

You collected 197 gold pieces.

Inventory:

Hand Weapons
 b - a +0 short sword
 d - a +0 short sword
 f - a +0 short sword of protection (weapon)
Missiles
 e - 119 stones (quivered)
 j - 46 poisoned needles
 w - 27 sling bullets
Armour
 a - a +0 robe
 o - a +0 leather armour (worn)
Jewellery
 q - a ring of positive energy (right hand)
 x - an uncursed ring of teleportation
Scrolls
 g - 6 scrolls of identify
 m - 2 scrolls of remove curse
 n - a scroll of blinking {unknown}
 p - a scroll of fog {unknown}
 s - 2 scrolls of enchant armour {unknown}
 u - 2 scrolls of amnesia {unknown}
Potions
 h - a potion of degeneration {unknown}
 i - 3 potions of curing
 k - a potion of might {unknown}
 l - 2 potions of lignification {unknown}
 r - a potion of heal wounds {unknown}
 t - a potion of magic {unknown}
Comestibles
 c - 8 rations


   Skills:
 + Level 1.8 Fighting
 + Level 1.8 Short Blades
 + Level 1.8 Long Blades
 + Level 1.8 Axes
 + Level 1.8 Maces & Flails
 + Level 1.8 Polearms
 + Level 1.8 Staves
 + Level 1.8 Slings
 + Level 1.8 Bows
 + Level 1.8 Crossbows
 + Level 1.8 Throwing
 + Level 1.8 Armour
 + Level 4.9 Dodging
 + Level 4.5 Stealth
 + Level 1.8 Shields
 + Level 1.8 Unarmed Combat
 + Level 5.3 Spellcasting
 + Level 7.2 Conjurations
 + Level 1.4 Hexes
 + Level 1.4 Charms
 + Level 1.4 Summonings
 + Level 1.4 Necromancy
 + Level 1.4 Translocations
 + Level 1.4 Transmutations
 + Level 1.4 Fire Magic
 + Level 1.4 Ice Magic
 + Level 1.4 Air Magic
 + Level 1.4 Earth Magic
 + Level 1.4 Poison Magic
 + Level 2.0 Invocations
 + Level 1.8 Evocations


You had 7 spell levels left.
You knew the following spells:

 Your Spells              Type           Power        Failure   Level  Hunger
a - Magic Dart            Conj           ####         1%          1    None
b - Iskenderun's Mystic   Conj           ####....     8%          4    ####...
c - Dazzling Spray        Conj/Hex       ###...       8%          3    ##.....

Your spell library contained the following spells:

 Spells                   Type           Power        Failure   Level  Hunger
 Searing Ray              Conj           ####..       1%          2    None
 Force Lance              Conj/Tloc      ###.....     24%         4    ####...
 Fulminant Prism          Conj/Hex       ###.......   24%         4    ####...


Dungeon Overview and Level Annotations

Branches:
Dungeon (4/15)
 Temple: D:4-7

Altars:


Innate Abilities, Weirdness & Mutations

Your experience applies equally to all skills.
You have very sharp teeth.
Your uncanny sense of smell can sniff out nearby items.


Message History

The gnoll shaman is moderately wounded.
The gnoll shaman hits you but does no damage.
Casting: Magic Dart (safe; 1% risk of failure)
Confirm with . or Enter, or press ? or * to list all spells.
Aiming: Magic Dart (safe; 1% risk of failure)
Press: ? - help, Shift-Dir - straight line, f/p - gnoll shaman
Aim: a gnoll shaman, wielding a whip and wearing a robe (moderately wounded)
The magic dart hits the gnoll shaman.
The gnoll shaman is heavily wounded.
The gnoll shaman barely misses you.
You barely miss the gnoll shaman.
The gnoll shaman is heavily wounded.
The gnoll shaman hits you but does no damage.
You barely miss the gnoll shaman.
The gnoll shaman is heavily wounded.
The gnoll shaman closely misses you.
You closely miss the gnoll shaman.
The gnoll shaman is heavily wounded.
The gnoll shaman hits you with a whip!
You die...

..##.....##...##...##
..##.....##...##....#
..##................#
....................#
.<..................#
...........o........##
..##...####.######...#
..##...####.####..####
..##...........g@..#
..##...........)...#
...................#
..##...##...#################
..##...#######...###...##...##
..#.........#....#...........#
..'.........#....#...........#
..#.........#....#...........#
####...########..####'#####'#####


You could see a gnoll shaman.

Vanquished Creatures
  2 worker ants (D:4)
  5 gnolls (D:4)
  9 adders
  An ooze (D:2)
  4 worms
  6 dart slugs
  2 leopard geckos
  2 orcs (D:4)
  A ball python (D:3)
  9 bats
  7 giant cockroaches
  9 goblins
  8 hobgoblins
  5 jackals (D:1)
  4 frilled lizards
  11 kobolds
  3 rats
88 creatures vanquished.

Notes
Turn   | Place    | Note
-------+----------+-------------------------------------------
     0 | D:1      | JedernureinKreuz the Gnoll Conjurer began the quest for the
                  | Orb.
     0 | D:1      | Reached XP level 1. HP: 13/13 MP: 6/6
    47 | D:1      | Reached XP level 2. HP: 12/19 MP: 0/7
   534 | D:1      | Reached XP level 3. HP: 17/25 MP: 6/9
   574 | D:1      | Reached skill level 5 in Spellcasting
   846 | D:1      | Reached skill level 1 in Invocations
  1239 | D:2      | Reached skill level 1 in Fighting
  1239 | D:2      | Reached skill level 1 in Short Blades
  1239 | D:2      | Reached skill level 1 in Long Blades
  1239 | D:2      | Reached skill level 1 in Axes
  1239 | D:2      | Reached skill level 1 in Maces & Flails
  1239 | D:2      | Reached skill level 1 in Polearms
  1239 | D:2      | Reached skill level 1 in Staves
  1239 | D:2      | Reached skill level 1 in Slings
  1239 | D:2      | Reached skill level 1 in Bows
  1239 | D:2      | Reached skill level 1 in Crossbows
  1239 | D:2      | Reached skill level 1 in Throwing
  1239 | D:2      | Reached skill level 1 in Armour
  1239 | D:2      | Reached skill level 1 in Shields
  1239 | D:2      | Reached skill level 1 in Unarmed Combat
  1239 | D:2      | Reached skill level 1 in Evocations
  1239 | D:2      | Reached XP level 4. HP: 32/32 MP: 3/11
  1500 | D:2      | Reached skill level 1 in Hexes
  1500 | D:2      | Reached skill level 1 in Charms
  1500 | D:2      | Reached skill level 1 in Summonings
  1500 | D:2      | Reached skill level 1 in Necromancy
  1500 | D:2      | Reached skill level 1 in Translocations
  1500 | D:2      | Reached skill level 1 in Transmutations
  1500 | D:2      | Reached skill level 1 in Fire Magic
  1500 | D:2      | Reached skill level 1 in Ice Magic
  1500 | D:2      | Reached skill level 1 in Air Magic
  1500 | D:2      | Reached skill level 1 in Earth Magic
  1500 | D:2      | Reached skill level 1 in Poison Magic
  1724 | D:2      | Learned a level 4 spell: Iskenderun's Mystic Blast
  1728 | D:2      | Learned a level 3 spell: Dazzling Spray
  1942 | D:3      | Reached XP level 5. HP: 37/37 MP: 9/12
  2543 | D:4      | Reached XP level 6. HP: 44/44 MP: 3/13
  2967 | D:4      | Slain by a gnoll shaman

Skill      XL: |  1  2  3  4  5  6 |
---------------+-------------------+-----
Spellcasting   | 5 |  5.3
Invocations    | 1 2 |  2.0
Fighting       | 1 |  1.8
Short Blades   | 1 |  1.8
Long Blades    | 1 |  1.8
Axes           | 1 |  1.8
Maces & Flails | 1 |  1.8
Polearms       | 1 |  1.8
Staves         | 1 |  1.8
Slings         | 1 |  1.8
Bows           | 1 |  1.8
Crossbows      | 1 |  1.8
Throwing       | 1 |  1.8
Armour         | 1 |  1.8
Shields        | 1 |  1.8
Unarmed Combat | 1 |  1.8
Evocations     | 1 |  1.8
Hexes          | 1 |  1.4
Charms         | 1 |  1.4
Summonings     | 1 |  1.4
Necromancy     | 1 |  1.4
Translocations | 1 |  1.4
Transmutations | 1 |  1.4
Fire Magic     | 1 |  1.4
Ice Magic      | 1 |  1.4
Air Magic      | 1 |  1.4
Earth Magic    | 1 |  1.4
Poison Magic   | 1 |  1.4
Dodging        | |  4.9
Stealth        | |  4.5
Conjurations   | |  7.2

Action                   |  1- 3 |  4- 6 || total
-------------------------+-------+-------++-------
Melee: Unarmed           |    22 |       ||    22
       Bite              |     6 |     6 ||    12
       Short sword       |    42 |    41 ||    83
       Punch             |     1 |     1 ||     2
 Cast: Magic Dart        |    70 |   115 ||   185
  Use: Scroll            |       |     3 ||     3
 Stab: Sleeping          |       |     2 ||     2
  Eat: Chunk             |     1 |     5 ||     6
Armor: Robe              |    10 |     3 ||    13
       Leather armour    |       |     7 ||     7
Dodge: Dodged            |    76 |    37 ||   113
